 Dungeon Crawl Stone Soup version 0.31-a0-229-g1fc7ce93e2 (webtiles) character file.

Game seed: 13732833867320906596

329 qw the Shooter (level 6, -2/37 HPs)
             Began as a Gargoyle Hexslinger on July 6, 2023.
             Was an Initiate of Okawaru.
             Slain by a black bear (5 damage)
             ... on level 4 of the Dungeon.
             The game lasted 00:01:06 (2597 turns).

qw the Shooter (Gargoyle Hexslinger)                Turns: 2597, Time: 00:01:06

Health: -2/37      AC: 10    Str: 11    XL:     6   Next: 51%
Magic:  7/7        EV: 11    Int: 14    God:    Okawaru [......]
Gold:   188        SH:  0    Dex: 14    Spells: 6/7 levels left

rFire   . . .        Y - +0 shortbow
rCold   . . .        (shield currently unavailable)
rNeg    + . .        g - +2 leather armour "Gulebliu" {rPois}
rPois   inf          b - +0 helmet
rElec   +            (no cloak)
rCorr   .            (no gloves)
SInv    .            (no boots)
Will    .....        (no amulet)
Stlth   +            (no ring)
HPRegen 0.26/turn    (no ring)
MPRegen 0.10/turn

%: no passive effects
@: no status effects
A: sickness immunity, AC +4, negative energy resistance 1, electricity
resistance, torment resistance 1, petrification resistance
a: Renounce Religion


You were on level 4 of the Dungeon.
You worshipped Okawaru.
Okawaru was noncommittal.
You visited 1 branch of the dungeon, and saw 4 of its levels.

You collected 188 gold pieces.


Innate Abilities, Weirdness & Mutations

You are immune to sickness and miasma.
Your stone body is resilient. (AC +4)
You are immune to poison.
You resist negative energy. (rN+)
You are resistant to electric shocks. (rElec)
You are resistant to unholy torment.
You are immune to petrification.


   Skills:
 - Level 3.5 Fighting
 + Level 5.4 Ranged Weapons
 - Level 1.9 Armour
 - Level 1.5 Dodging
 - Level 1.0 Spellcasting
 - Level 2.6 Hexes


You had 6 spell levels left.
You knew the following spells:

 Your Spells              Type           Power      Damage    Failure   Level
a - Slow                  Hex            32%        N/A       12%         1

Your spell library contained the following spells:

 Spells                   Type           Power      Damage    Failure   Level
 Inner Flame              Hex/Fire       4%         N/A       52%         3
 Portal Projectile        Hex/Tloc       8%         N/A       52%         3
 Cause Fear               Hex            4%         N/A       75%         4

Inventory:

Hand Weapons
 Y - a +0 shortbow (weapon)
Armour
 b - a +0 helmet (worn)
 g - the +2 leather armour "Gulebliu" (worn) {rPois}
   (You found it on level 4 of the Dungeon)

   rPois:     It protects you from poison.
Scrolls
 a - 3 scrolls of identify
Potions
 f - a potion of curing
 i - a potion of might

Dungeon Overview and Level Annotations

Branches:
Dungeon (4/15)
 Temple: D:4-7

Altars:
Okawaru
Wu Jian


Message History

The black bear closely misses you.
You shoot an arrow. The arrow hits the black bear.
The black bear is almost dead.
The black bear bites you.
The black bear claws you but does no damage.
The black bear claws you. The black bear bites you.
The black bear claws you but does no damage.
The black bear closely misses you.
You shoot an arrow. The arrow barely misses the black bear.
The black bear barely misses you. The black bear claws you.
The black bear closely misses you. x2; The black bear barely misses you.
The black bear claws you but does no damage.
You shoot an arrow.
The arrow closely misses the black bear.
The black bear closely misses you. The black bear barely misses you.
The black bear claws you. The black bear barely misses you.
The black bear claws you but does no damage.
The black bear closely misses you.
You shoot an arrow.
The arrow hits the black bear but does no damage.
The black bear is severely wounded.
The black bear barely misses you. The black bear closely misses you.
The black bear claws you but does no damage.
You shoot an arrow.
The arrow closely misses the black bear.
The black bear bites you.
The black bear claws you but does no damage.
The black bear claws you.
The black bear bites you but does no damage.
The black bear closely misses you. The black bear barely misses you.
You shoot an arrow. The arrow hits the black bear!
The black bear is almost dead.
The black bear misses you. The black bear claws you.
The black bear completely misses you. The black bear bites you!
The black bear claws you.
The black bear claws you but does no damage.
You shoot an arrow. The arrow hits the black bear.
The black bear is almost dead.
The black bear bites you.
You die...

#.# ##.# #.#
#.# #.#
####.## #.#
##.....##
#.......##
#...###...#
#...##.##..#
...##...#..#
..##....h@.#
## #########


You could see a black bear (berserk).

Vanquished Creatures
  A sky beast (D:4)
  A scorpion (D:4)
  A howler monkey (D:4)
  A hound (D:4)
  An iguana (D:4)
  3 adders
  A white imp (D:4)
  A dart slug (D:4)
  An orc (D:3)
  6 endoplasms
  2 giant cockroaches
  2 goblins
  6 hobgoblins
  2 quokkas (D:1)
  7 ball pythons
  5 bats
  9 kobolds
  4 rats
54 creatures vanquished.

Notes
Turn   | Place    | Note
-------+----------+-------------------------------------------
     0 | D:1      | qw the Gargoyle Hexslinger began the quest for the Orb.
     0 | D:1      | Reached XP level 1. HP: 12/12 MP: 2/2
     0 | D:1      | 0 ||| qw: Version: 0.3-a-46-gb1f654a
     0 | D:1      | 0 ||| qw: Game counter: 1662
     0 | D:1      | 0 ||| qw: Melee chars always use a shield: true
     0 | D:1      | 0 ||| qw: God list: Okawaru
     0 | D:1      | 0 ||| qw: Allow faded altars: false
     0 | D:1      | 0 ||| qw: Do Orc after clearing Dungeon:15 true
     0 | D:1      | 0 ||| qw: Do second Lair branch before Depths: true
     0 | D:1      | 0 ||| qw: Lair rune preference: random
     0 | D:1      | 0 ||| qw: Goals: Normal
     0 | D:1      | 0 ||| PLANNING D:1-11
    90 | D:1      | Reached XP level 2. HP: 16/16 MP: 3/3
   484 | D:1      | Reached skill level 3 in Ranged Weapons
   631 | D:1      | 631 ||| DROPPING ring of wizardry.
   639 | D:1      | 639 ||| READING 2 scrolls labelled XUSAQ TUZU.
   640 | D:1      | 640 ||| READING 2 scrolls labelled WORICE UGHEM.
   641 | D:1      | 641 ||| READING scroll labelled UMIOXT PIDWI.
   642 | D:1      | 642 ||| DROPPING scroll of poison.
   643 | D:1      | 643 ||| DROPPING scroll of revelation.
   681 | D:2      | Found an ornate altar of the Wu Jian Council.
   763 | D:2      | Reached XP level 3. HP: 8/21 MP: 4/4
  1274 | D:2      | 1274 ||| UPGRADING to +0 ring mail.
  1284 | D:2      | 1284 ||| DROPPING +0 robe.
  1285 | D:2      | 1285 ||| READING scroll labelled AXAZ SUULUD.
  1794 | D:3      | Reached XP level 4. HP: 26/26 MP: 5/5
  1815 | D:3      | 1815 ||| SWAPPING to +0 shortbow.
  1816 | D:3      | 1816 ||| DROPPING +1 sling.
  1900 | D:3      | 1900 ||| UPGRADING to +0 helmet.
  1905 | D:3      | 1905 ||| DRINKING 2 ruby potions.
  1906 | D:3      | 1906 ||| READING 5 scrolls of identify.
  1906 | D:3      | 1906 ||| IDENTIFYING silvery potion
  1907 | D:3      | 1907 ||| READING 4 scrolls of identify.
  1907 | D:3      | 1907 ||| IDENTIFYING fizzy emerald potion
  1908 | D:3      | 1908 ||| READING 3 scrolls of identify.
  1908 | D:3      | 1908 ||| IDENTIFYING pink potion
  1909 | D:3      | 1909 ||| READING 2 scrolls of identify.
  1909 | D:3      | 1909 ||| IDENTIFYING sedimented golden potion
  1910 | D:3      | 1910 ||| DROPPING potion of degeneration.
  1911 | D:3      | 1911 ||| DROPPING potion of attraction.
  2080 | D:4      | Found an iron altar of Okawaru.
  2081 | D:4      | 2081 ||| PLANNING OKAWARU WORSHIP
  2085 | D:4      | Reached skill level 1 in Armour
  2087 | D:4      | Identified the +2 leather armour "Gulebliu" {rPois}
  2113 | D:4      | Reached skill level 4 in Ranged Weapons
  2113 | D:4      | Reached XP level 5. HP: 30/30 MP: 6/6
  2119 | D:4      | Noticed a sky beast
  2140 | D:4      | Killed a sky beast
  2141 | D:4      | Reached skill level 5 in Ranged Weapons
  2141 | D:4      | Reached XP level 6. HP: 23/35 MP: 7/7
  2174 | D:4      | 2174 ||| FLEEEEING.
  2175 | D:4      | 2175 ||| FLEEEEING.
  2176 | D:4      | 2176 ||| FLEEEEING.
  2177 | D:4      | 2177 ||| FLEEEEING.
  2178 | D:4      | 2178 ||| FLEEEEING.
  2179 | D:4      | 2179 ||| FLEEEEING.
  2180 | D:4      | 2180 ||| FLEEEEING.
  2181 | D:4      | 2181 ||| FLEEEEING.
  2182 | D:4      | 2182 ||| FLEEEEING.
  2185 | D:4      | 2185 ||| FLEEEEING.
  2186 | D:4      | 2186 ||| FLEEEEING.
  2187 | D:4      | 2187 ||| FLEEEEING.
  2188 | D:4      | 2188 ||| FLEEEEING.
  2191 | D:4      | 2191 ||| FLEEEEING.
  2192 | D:4      | 2192 ||| FLEEEEING.
  2193 | D:4      | 2193 ||| FLEEEEING.
  2194 | D:4      | 2194 ||| FLEEEEING.
  2195 | D:4      | 2195 ||| FLEEEEING.
  2271 | D:4      | 2271 ||| UPGRADING to +2 leather armour "Gulebliu" {rPois}.
  2281 | D:4      | 2281 ||| DROPPING +0 ring mail.
  2282 | D:4      | 2282 ||| READING scroll labelled ECHIPR XUHICAA.
  2306 | D:4      | 2306 ||| READING scroll labelled SEEJYUWKYLE.
  2352 | D:4      | Became a worshipper of Warmaster Okawaru
  2353 | D:4      | 2353 ||| PLANNING D:1-11
  2428 | D:4      | Reached skill level 3 in Fighting
  2573 | D:4      | Noticed a black bear
  2589 | D:4      | HP: 3/37 [black bear (8)]
  2590 | D:4      | 2590 ||| DRINKING potion of heal wounds.
  2596 | D:4      | HP: 5/37 [black bear (8)]
  2596 | D:4      | HP: 2/37 [black bear (3)]
  2597 | D:4      | Slain by a black bear

Levels and vault maps discovered:
D:1:      lightli_molten_gateway, layout_basic
D:2:      layout_loops_cross, basic_altar
D:3:      layout_loops_ring, kennysheep_decorative_pillar
D:4:      black_bear_nest_2, layout_loops_ring, mainiacjoe_overflow_catwalk,
          hangedman_decor_diamond_cutter, grunt_ministairs_13

Skill      XL: |  1  2  3  4  5  6 |
---------------+-------------------+-----
Ranged Weapons | 3 4 5 |  5.4
Fighting       | 2 3 |  3.5
Armour         | 1 |  1.9
Dodging        | |  1.5
Spellcasting   | |  1.0
Hexes          | |  2.6

Action                     |  1- 3 |  4- 6 || total
---------------------------+-------+-------++-------
   Fire: Sling             |   122 |     2 ||   124
         Shortbow          |       |   124 ||   124
    Use: Scroll            |     4 |     6 ||    10
         Potion            |       |     2 ||     2
 Armour: Robe              |    12 |       ||    12
         Ring mail         |     9 |    31 ||    40
         Leather armour    |       |    41 ||    41
  Dodge: Dodged            |    38 |    60 ||    98

Table legend:
 A = Non-vault XP
 B = Vault XP
 C = Vault XP percentage of total XP
 D = Non-vault monster count
 E = Vault monster count
 F = Vault count percentage of total count
                 A         B        C        D         E       F
            +---------+---------+-------+---------+---------+-------
      Total |     429 |      42 |   8.9 |      52 |       2 |   3.7
            +---------+---------+-------+---------+---------+-------
        D:1 |      23 |       0 |   0.0 |      14 |       0 |   0.0
        D:2 |      38 |       0 |   0.0 |      10 |       0 |   0.0
        D:3 |      23 |       0 |   0.0 |      14 |       0 |   0.0
        D:4 |     345 |      42 |  10.9 |      14 |       2 |  12.5
            +---------+---------+-------+---------+---------+-------
